 Dungeon Crawl Stone Soup version 0.29.1-2-gbd0b4ee654 (webtiles) character file.

Game seed: 16713443086279041412

90 raph the Conjurer (level 4, -1/33 HPs)
             Began as a Draconian Conjurer on Nov 2, 2022.
             Slain by an adder (3 damage)
             ... on level 4 of the Dungeon.
             The game lasted 00:04:07 (2532 turns).

raph the Conjurer (Draconian Conjurer)              Turns: 2532, Time: 00:04:07

Health: -1/33      AC:  5    Str: 10    XL:     4   Next: 32%
Magic:  4/7        EV: 16    Int: 20    God:
Gold:   59         SH:  0    Dex:  9    Spells: 1/7 levels left

rFire   . . .      SeeInvis .   q - +4 dagger (speed)
rCold   . . .      Faith    .   (no shield)
rNeg    . . .      Spirit   .   (body armour unavailable)
rPois   .          Reflect  .   (helmet restricted)
rElec   .          Harm     .   (no cloak)
rCorr   .          Rampage  .   (no gloves)
Will    .....                   (no boots)
Stlth   ++........              (no amulet)
HPRegen 0.11/turn               c - +4 ring of evasion
MPRegen 0.10/turn               (no ring)

@: no status effects
A: AC +5, unfitting armour, cold-blooded
a: no special abilities


You were on level 4 of the Dungeon.
You visited 1 branch of the dungeon, and saw 4 of its levels.

You collected 87 gold pieces.
You spent 28 gold pieces at shops.

Inventory:

Hand Weapons
 d - a +0 dagger
 n - a +2 whip of electrocution
 q - a +4 dagger of speed (weapon)
Jewellery
 c - a +4 ring of evasion (left hand)
Wands
 e - a wand of flame (17)
 o - a wand of digging (6)
Scrolls
 f - a scroll of immolation
 k - 2 scrolls of magic mapping {unknown}
 l - a scroll of enchant armour {unknown}
Potions
 a - a potion of magic
 b - a potion of mutation
 g - 2 potions of might
 h - a potion of attraction
 i - a potion of invisibility {unknown}
 m - a potion of berserk rage {unknown}
 p - a potion of lignification {unknown}


   Skills:
 - Level 1.7 Dodging
 - Level 1.7 Stealth
 + Level 2.0 Spellcasting
 * Level 5.8 Conjurations
 * Level 0.1 Hexes


You had one spell level left.
You knew the following spells:

 Your Spells              Type           Power      Damage    Failure   Level
a - Magic Dart            Conj           100%       1d8       1%          1
b - Searing Ray           Conj           50%        2d6       2%          2
c - Dazzling Flash        Conj/Hex       28%        N/A       14%         3

Your spell library contained the following spells:

 Spells                   Type           Power      Damage    Failure   Level
 Fulminant Prism          Conj/Hex       7%         3d7       41%         4
 Iskenderun's Mystic Bla  Conj/Tloc      13%        2d5       43%         4


Dungeon Overview and Level Annotations

Branches:
Dungeon (4/15)
 Temple: D:4-7

Altars:
Sif Muna

Shops:
D:1 [?(*

Annotations:
D:3 Grinder


Innate Abilities, Weirdness & Mutations

Your plain brown scales are hard. (AC +5)
You cannot fit into any form of body armour.
You are cold-blooded and may be slowed by cold attacks.


Message History

Grinder hits you. x2
You writhe in agony.
* * * LOW HITPOINT WARNING * * *
Grinder hits you.
* * * LOW HITPOINT WARNING * * *
You writhe in agony.
* * * LOW HITPOINT WARNING * * *
You can move again.
As you read the scroll labelled SAHIBLEAGE, it crumbles to dust.
The creatures around you are filled with an inner flame!
It was a scroll of immolation.
Grinder blinks!
Grinder blinks!
The adder completely misses you.
You climb downwards.
Found a shimmering blue altar of Sif Muna.
There is a stone staircase leading up here.
The adder bites you but does no damage.
Found 9 gold pieces.
The adder attacks as you move away! The adder barely misses you.
The adder closely misses you.
As you read the scroll labelled XUNAGOV BIDYUG, it crumbles to dust.
You hear a loud clanging noise!
It was a scroll of noise.
You hear a shout! x4; You hear an angry hiss. x2; You hear a shout! x3
The adder completely misses you.
An endoplasm comes into view.
The centaur wields a +0 shortbow.
The centaur shoots an arrow.
The arrow hits you.
* * * LOW HITPOINT WARNING * * *
Found a stone staircase leading down.
The adder completely misses you. The endoplasm hits you.
* * * LOW HITPOINT WARNING * * *
Found a fizzy coppery potion.
The endoplasm attacks as you move away! The endoplasm closely misses you.
The adder misses you.
A gnoll comes into view. It is wielding a +0 spear.
A gnoll comes into view. It is wielding a +0 club.
The endoplasm attacks as you move away! The endoplasm completely misses you.
The adder attacks as you move away! The adder barely misses you.
The adder bites you.
You die...

#..................≈≈.
#.........#####.......
#.......#....##<......
#.......##........####
#.......###.####...#
#.......###$# #...#
#..g.cJ..##.# .#...
....###S##.##.# .##..
... #@# .##.. . .# .!
#># ..#.. # . #.# #..
#g# ... ... ##. . .#


You could see a centaur, a gnoll, an adder (inner flame) and an endoplasm.

Vanquished Creatures
  Jessica (D:3)
  3 adders (D:2)
  A worm (D:3)
  A dart slug (D:3)
  3 ball pythons (D:1)
  2 endoplasms (D:2)
  3 giant cockroaches (D:2)
  A goblin (D:1)
  A hobgoblin (D:1)
  2 quokkas (D:1)
  5 bats
  3 frilled lizards
  6 kobolds
  A rat (D:2)
33 creatures vanquished.

Notes
Turn   | Place    | Note
-------+----------+-------------------------------------------
     0 | D:1      | raph the Draconian Conjurer began the quest for the Orb.
     0 | D:1      | Reached XP level 1. HP: 14/14 MP: 3/3
    42 | D:1      | Found Utweeti's Magic Scroll Boutique.
   194 | D:1      | Found Asoteneytu's Assorted Antiques.
   259 | D:1      | Found a faded altar of an unknown god.
   343 | D:1      | Reached XP level 2. HP: 20/20 MP: 3/5
   347 | D:1      | Learned a level 2 spell: Searing Ray
   656 | D:1      | Bought a scroll of identify for 28 gold pieces
   703 | D:1      | Found Tajotes's Antique Armour Boutique.
   840 | D:1      | Found Hiduc's Weapon Shoppe.
  1313 | D:2      | Reached skill level 5 in Conjurations
  1358 | D:2      | Reached XP level 3. HP: 26/26 MP: 2/6
  1362 | D:2      | Learned a level 3 spell: Dazzling Flash
  2130 | D:3      | Noticed Grinder
  2315 | D:3      | Noticed Jessica
  2320 | D:3      | Killed Jessica
  2321 | D:3      | Reached XP level 4. HP: 33/33 MP: 3/7
  2510 | D:3      | Paralysed by Grinder for 4 turns
  2517 | D:4      | Noticed a centaur
  2517 | D:4      | Found a shimmering blue altar of Sif Muna.
  2527 | D:4      | HP: 1/33 [endoplasm (1)]
  2532 | D:4      | Slain by an adder

Illustrated notes

Levels and vault maps discovered:
D:1:      giann_horns, layout_rooms, serial_shops, nicolae_square_shop,
          nicolae_diamond_shop, nicolae_diamond_shop, nicolae_shop_waterfront,
          chequers_ecumenical_altar_simple_redux, minmay_misc_feat_diagonals
D:2:      layout_loops_cross
D:3:      layout_loops_ring, uniq_grinder, uniq_jessica
D:4:      layout_rooms, mainiacjoe_overflow_small_starburst,
          kennysheep_windowed_goal

Skill      XL: |  1  2 |
---------------+-------+-----
Conjurations   | 5 |  5.8
Dodging        | |  1.7
Stealth        | |  1.7
Spellcasting   | |  2.0
Hexes          | |  0.1

Action                   |  1- 3 |  4- 6 || total
-------------------------+-------+-------++-------
Melee: Whip              |     4 |       ||     4
       Dagger            |       |     1 ||     1
 Cast: Magic Dart        |    20 |     1 ||    21
       Searing Ray       |    17 |     3 ||    20
  Use: Scroll            |     5 |     2 ||     7
Armor: Skin              |    12 |     1 ||    13
Dodge: Dodged            |    21 |    10 ||    31
